 Dungeon Crawl Stone Soup version 0.20.1-1-g8b1a95d (webtiles) character file.

434 theElss the Conjurer (level 6, -1/32 HPs)
             Began as a Deep Elf Conjurer on July 8, 2017.
             Slain by a slave (3 damage)
             ... led by Pikel
             ... on level 4 of the Dungeon.
             The game lasted 00:14:44 (4421 turns).

theElss the Conjurer (Deep Elf Conjurer)            Turns: 4421, Time: 00:14:45

Health: -1/32      AC:  3    Str:  5    XL:     6   Next: 68%
Magic:  2/16       EV: 14    Int: 22    God:
Gold:   164        SH:  0    Dex: 15    Spells: 9/16 levels left

rFire    . . .     SeeInvis .   e - +0 dagger
rCold    + . .     Gourm    +   (no shield)
rNeg     . . .     Faith    .   a - +0 robe
rPois    .         Spirit   .   (no helmet)
rElec    .         Reflect  .   (no cloak)
rCorr    .         Harm     .   s - +0 pair of gloves
MR       .....                  (no boots)
Stlth    +++.......             m - amulet of the gourmand
Regen    0.1/turn               l - ring of protection from cold
MPRegen  0.2/turn               (no ring)

@: no status effects
A: no striking features
a: no special abilities


You were on level 4 of the Dungeon.
You were very full.

You visited 1 branch of the dungeon, and saw 4 of its levels.

You collected 164 gold pieces.

Inventory:

Hand Weapons
 e - a +0 dagger (weapon)
Armour
 a - a +0 robe (worn)
 s - a +0 pair of gloves (worn)
Jewellery
 l - a ring of protection from cold (left hand)
 m - an amulet of the gourmand (around neck)
Wands
 v - a wand of random effects (14/48)
Scrolls
 j - 7 scrolls of identify {unknown}
 q - 2 scrolls of teleportation {unknown}
 r - a scroll of fog {unknown}
 u - a scroll of random uselessness {unknown}
 w - a scroll of remove curse {unknown}
 y - a scroll of enchant weapon {unknown}
Potions
 d - a potion of ambrosia {unknown}
 f - a potion of berserk rage {unknown}
 i - 2 potions of magic {unknown}
 k - 5 potions of curing {unknown}
 n - a potion of flight {unknown}
 o - a potion of heal wounds {unknown}
 p - a potion of might {unknown}
 z - 2 potions of invisibility {unknown}
Books
 b - a book of Conjurations

   Spells                             Type                      Level
   a - Magic Dart                     Conjuration                  1
   b - Searing Ray                    Conjuration                  2
   c - Dazzling Spray                 Conjuration/Hexes            3
   d - Fulminant Prism                Conjuration/Hexes            4
   e - Force Lance                    Conjuration/Translocation    4
   f - Iskenderun's Mystic Blast      Conjuration                  4
Comestibles
 c - 3 bread rations
 g - a royal jelly
 h - 4 meat rations
 t - 4 fruits


   Skills:
 + Level 0.1 Fighting
 + Level 0.4 Short Blades
 + Level 3.8 Dodging
 + Level 4.2 Stealth
 + Level 5.6 Spellcasting
 + Level 6.6 Conjurations


You had 9 spell levels left.
You knew the following spells:

 Your Spells              Type           Power        Failure   Level  Hunger
a - Magic Dart            Conj           ####         1%          1    None
c - Searing Ray           Conj           #####.       1%          2    None
d - Iskenderun's Mystic   Conj           #####...     6%          4    ####...


Dungeon Overview and Level Annotations

Branches:
Dungeon (4/15)
 Temple: D:4-7

Altars:
Dithmenos

Annotations:
D:3 Overlord's ghost, amateur MiBe
D:4 Pikel; Quirk's ghost, amateur DsAK


Message History

Unknown command.
Pikel says, "You'll feel the lick of my whip!"
Casting: Magic Dart
Confirm with . or Enter, or press ? or * to list all spells.
Aiming: Iskenderun's Mystic Blast
Press: ? - help, Shift-Dir - straight line, f/p - Pikel
Aim: Pikel, wielding a whip of freezing and wearing a robe (heavily wounded)
The orb of energy hits Pikel.
Pikel is severely wounded.
Pikel hits you with a whip of freezing!
* * * LOW HITPOINT WARNING * * *
Pikel freezes you.
* * * LOW HITPOINT WARNING * * *
Unknown command.
There is an open door here.
The slave hits you!
* * * LOW HITPOINT WARNING * * *
The slave barely misses you. The slave hits you.
You die...

#..p.#####.##.# #....p...#.##.#
#....###.#.# ..## #....# #.#..
.... #....# #.### ..# # #+#
###### #.# #.##.#.# #.#
#.######.##.#.# # #.#
##...........#.# # #.#
#..@.#####.#.#.# # #.#
#...p....#.#.#.# #
#.##########..K..##.#...#.#
###.#.[......#.....##.#...#.#####
.............#..p..##.#p..(......
###.#............p###.#p.>..#####
# #.#...##.#......'.p.#.#...#####
# #.#...##.#.#....##.p#.#........
# #.#...##.#.......#....#..######


You could see Pikel and 3 slaves.

Vanquished Creatures
  A slave (D:4)
  A howler monkey (D:4)
  2 hounds (D:4)
  An orc priest (D:4)
  An orc wizard (D:4)
  Jessica (D:2)
  An iguana (D:4)
  A worker ant (D:4)
  4 gnolls
  7 adders
  A worm (D:4)
  3 dart slugs
  4 leopard geckos
  5 orcs
  A ball python (D:2)
  4 giant cockroaches
  6 goblins
  9 hobgoblins
  12 jackals
  10 kobolds
  A quokka (D:2)
  8 bats
  6 frilled lizards
  6 rats
96 creatures vanquished.

Notes
Turn   | Place    | Note
-------+----------+-------------------------------------------
     0 | D:1      | theElss the Deep Elf Conjurer began the quest for the Orb.
     0 | D:1      | Reached XP level 1. HP: 10/10 MP: 6/6
   161 | D:1      | Reached XP level 2. HP: 11/15 MP: 4/8
   199 | D:1      | Learned a level 2 spell: Searing Ray
   452 | D:1      | Reached skill level 5 in Conjurations
   632 | D:1      | Reached XP level 3. HP: 15/19 MP: 3/9
  1357 | D:2      | Noticed Jessica
  1637 | D:2      | Reached XP level 4. HP: 22/24 MP: 5/11
  1932 | D:2      | Found a shadowy altar of Dithmenos.
  1937 | D:2      | Killed Jessica
  2147 | D:3      | Noticed Overlord's ghost (amateur MiBe)
  2371 | D:3      | Reached XP level 5. HP: 28/28 MP: 8/13
  2415 | D:3      | Learned a level 4 spell: Iskenderun's Mystic Blast
  3019 | D:3      | Reached skill level 6 in Conjurations
  3579 | D:4      | Noticed Quirk's ghost (amateur DsAK)
  3685 | D:4      | Reached XP level 6. HP: 5/32 MP: 3/15
  3797 | D:4      | Reached skill level 5 in Spellcasting
  4369 | D:4      | Noticed Pikel
  4369 | D:4      | Noticed a slave
  4369 | D:4      | Noticed a slave
  4369 | D:4      | Noticed a slave
  4376 | D:4      | Noticed a slave
  4379 | D:4      | Killed a slave
  4421 | D:4      | Slain by a slave

Skill      XL: |  1  2  3  4  5  6 |
---------------+-------------------+-----
Conjurations   | 5 6 |  6.6
Dodging        | 3 |  3.8
Spellcasting   | 4 5 |  5.6
Stealth        | 3 4 |  4.2
Fighting       | |  0.1
Short Blades   | |  0.4

Action                   |  1- 3 |  4- 6 || total
-------------------------+-------+-------++-------
Melee: Dagger            |    12 |       ||    12
       Unarmed           |     1 |       ||     1
 Cast: Magic Dart        |    85 |    50 ||   135
       Searing Ray       |     5 |    19 ||    24
       Iskenderun's Myst |       |    15 ||    15
  Eat: Chunk             |     8 |    16 ||    24
Armor: Robe              |       |    14 ||    14
Dodge: Dodged            |    22 |    31 ||    53
